 Dungeon Crawl Stone Soup version 0.18-a0-1229-ge9a1a01 (webtiles) character file.

12945 ololoev the Destroyer (level 11, -5/58 HPs)
             Began as a Deep Elf Fire Elementalist on Feb 4, 2016.
             Was the Champion of Sif Muna.
             Slain by a fire elemental (9 damage)
             ... in a volcano.
             The game lasted 00:58:44 (6529 turns).

ololoev the Destroyer (Deep Elf Fire Elementalist)  Turns: 6529, Time: 00:58:44

Health: -5/58      AC: 16    Str:  5    XL:     11   Next: 69%
Magic:  27/27      EV: 14    Int: 24    God:    Sif Muna [******]
Gold:   654        SH:  0    Dex: 15    Spells: 5 memorised, 14 levels left

rFire  . . .     SeeInvis +     b - +2 iron rod (4/14)
rCold  . . .     Gourm    .     L - +2 animal skin
rNeg   . . .     Faith    .     (no shield)
rPois  .         Spirit   .     h - +1 helmet
rElec  .         Dismiss  +     J - +2 cloak
rCorr  .         Reflect  .     (no gloves)
SustAt .         Harm     .     G - +1 pair of boots
MR     +....                    F - amulet of dismissal
Stlth  ++........               u - ring of see invisible
                                y - +5 ring of protection

@: very slightly contaminated, somewhat resistant to hostile enchantments,
unstealthy
A: no striking features
a: Channel Energy, Forget Spell, Renounce Religion

Inventory:

Hand Weapons
 n - a +0 blowgun
Missiles
 x - 11 curare-tipped needles
Armour
 h - a +1 helmet (worn)
 j - a troll hide
 C - the +1 robe of Honesty {rPois rF- MP+9 Stlth+}
   (You found it on level 8 of the Dungeon)

   It makes you vulnerable to fire.
   It protects you from poison.
   It affects your magic capacity (+9).
   It makes you more stealthy.
 G - a +1 pair of boots (worn)
 J - a +2 cloak (worn)
 L - a +2 animal skin (worn)
Magical Staves
 a - an uncursed staff of power
Rods
 b - a +2 iron rod (4/14) (weapon)
   (You found it on level 7 of the Dungeon)
Jewellery
 k - an uncursed amulet of the gourmand {unknown}
 o - an uncursed ring of resist corrosion
 u - a ring of see invisible (right hand)
 y - a +5 ring of protection (left hand)
 F - an amulet of dismissal (around neck)
Wands
 i - a wand of polymorph (15/24)
 A - a wand of acid (0/15)
 E - a wand of lightning (4/15)
Scrolls
 e - 4 scrolls of recharging
 g - 2 scrolls of magic mapping
 m - a scroll of amnesia
 q - 2 scrolls of remove curse
 s - a scroll of noise {unknown}
 v - 2 scrolls of vulnerability {unknown}
 w - 2 scrolls of immolation {unknown}
 B - 2 scrolls of enchant weapon {unknown}
Potions
 f - 2 potions of berserk rage
 l - a potion of resistance {unknown}
 z - 3 potions of cancellation
 D - 2 potions of magic
 H - a potion of brilliance
Comestibles
 c - 7 bread rations
 d - 7 chunks of flesh
 p - 8 fruits


   Skills:
 + Level 2.5 Fighting
 + Level 4.8 Dodging
 - Level 2.4 Stealth
 + Level 10.4 Spellcasting
 * Level 11.3 Conjurations
 * Level 11.1 Fire Magic
 + Level 7.5 Invocations
 - Level 5.0 Evocations


You had 14 spell levels left. You knew the following spells: Your Spells Type Power Failure Level Hunger a - Flame Tongue Conj/Fire ##### 1% 1 None b - Conjure Flame Conj/Fire ######.. 1% 3 None c - Sticky Flame Conj/Fire ######.. 1% 4 None d - Fireball Conj/Fire ######.... 1% 5 ####... e - Inner Flame Hex/Fire #####... 1% 3 None You were in a volcano. You worshipped Sif Muna. Sif Muna was exalted by your worship. You were very hungry. You visited 3 branches of the dungeon, and saw 16 of its levels. You also visited: Volcano. You collected 654 gold pieces. ## #### ### ###.###..####.....§.. .###..................§. ..........)...........E. .......[..........≈§.§≈§ ≈......@E§§....≈≈≈≈§§§≈§ ≈.....###....≈≈≈≈≈≈≈≈§§§ ≈...# ##§!§.≈≈≈§≈≈≈≈§§ ... ##....§§≈§≈≈≈§§ . ###....≈§§≈§§≈.§. #......§≈≈≈≈≈.§.. ##......§§≈≈..... ........[)..[....# ######.........###

Notes
Turn   | Place    | Note
--------------------------------------------------------------
     0 | D:1      | ololoev the Deep Elf Fire Elementalist began the quest for the Orb.
     0 | D:1      | Reached XP level 1. HP: 10/10 MP: 6/6
   170 | D:1      | Reached XP level 2. HP: 15/15 MP: 5/8
   227 | D:2      | Found a bloodstained altar of Trog.
   455 | D:2      | Found a snail-covered altar of Cheibriados.
   455 | D:2      | Found a shadowy altar of Dithmenos.
   456 | D:2      | Found a deep blue altar of Sif Muna.
   462 | D:2      | Became a worshipper of Sif Muna the Loreminder
   523 | D:2      | Reached XP level 3. HP: 15/19 MP: 3/10
   543 | D:2      | Learned a level 3 spell: Conjure Flame
   547 | D:2      | Learned a level 3 spell: Inner Flame
   718 | D:3      | Noticed Uberwunderbarhen's ghost (weakling OpTm)
   748 | D:3      | Killed Uberwunderbarhen's ghost
   748 | D:3      | Reached skill level 4 in Spellcasting
   748 | D:3      | Reached skill level 1 in Invocations
   748 | D:3      | Reached XP level 4. HP: 24/24 MP: 0/12
   754 | D:3      | Learned a level 4 spell: Sticky Flame
   809 | D:3      | Found an iron altar of Okawaru.
  1025 | D:4      | Reached XP level 5. HP: 23/28 MP: 2/13
  1174 | D:3      | Found a radiant altar of Vehumet.
  1516 | D:4      | Noticed Edmund
  1533 | D:4      | Killed Edmund
  1533 | D:4      | Reached * piety under Sif Muna
  1533 | D:4      | Reached XP level 6. HP: 26/32 MP: 3/15
  1648 | D:4      | Noticed Menkaure
  1807 | D:4      | Reached skill level 5 in Spellcasting
  1903 | D:5      | Entered Level 5 of the Dungeon
  1969 | D:4      | Reached skill level 5 in Conjurations
  2116 | D:5      | Found an iron altar of Okawaru.
  2154 | D:5      | Reached XP level 7. HP: 18/36 MP: 8/17
  2178 | D:5      | Learned a level 5 spell: Fireball
  2216 | D:5      | Reached skill level 5 in Fire Magic
  2287 | D:5      | Reached skill level 6 in Spellcasting
  2313 | D:5      | Reached ** piety under Sif Muna
  2462 | D:6      | Reached XP level 8. HP: 41/41 MP: 5/19
  2558 | D:7      | Found a staircase to the Ecumenical Temple.
  2597 | D:7      | Reached skill level 7 in Conjurations
  2674 | D:7      | Found an ancient bone altar of Kikubaaqudgha.
  2827 | D:7      | Reached *** piety under Sif Muna
  2952 | D:8      | Found an oddly glowing altar of Pakellas.
  2983 | D:8      | Got a heavy robe
  2994 | D:8      | Identified the +1 robe of Honesty {rPois rF- MP+9 Stlth+} (You found it on level 8 of the Dungeon)
  3129 | D:8      | Reached skill level 1 in Evocations
  3171 | D:9      | Reached XP level 9. HP: 45/45 MP: 13/21
  3249 | D:8      | Reached skill level 8 in Conjurations
  3385 | D:10     | Entered Level 10 of the Dungeon
  3394 | D:10     | Noticed a gargoyle
  3397 | D:10     | Killed a gargoyle
  3397 | D:10     | Reached skill level 5 in Invocations
  3403 | D:10     | Found a portal to a secret trove of treasure.
  3449 | D:10     | Reached **** piety under Sif Muna
  3609 | D:9      | Noticed a hill giant
  3657 | D:9      | Killed a hill giant
  3725 | D:9      | Got an encrusted long sword
  3736 | D:9      | Identified the +10 long sword of Greed {antimagic, Dex+2} (You found it on level 9 of the Dungeon)
  3764 | D:9      | Reached skill level 9 in Conjurations
  3765 | D:9      | Found a staircase to the Lair.
  3830 | D:9      | Found a shattered altar of Ashenzari.
  4083 | D:4      | Reached XP level 10. HP: 50/50 MP: 24/24
  4100 | D:4      | Found a burning altar of Makhleb.
  4159 | D:4      | Killed Menkaure
  4246 | D:6      | Noticed Crazy Yiuf
  4250 | D:6      | Killed Crazy Yiuf
  4421 | D:9      | Reached ***** piety under Sif Muna
  4854 | D:11     | Noticed an unseen horror
  4856 | D:11     | Killed an unseen horror
  4871 | D:11     | Reached skill level 10 in Conjurations
  4954 | D:11     | Noticed George's ghost (journeyman MiFi)
  5009 | D:10     | Reached skill level 5 in Evocations
  5197 | D:10     | Noticed Sonja
  5203 | D:10     | Killed Sonja
  5203 | D:10     | Reached skill level 10 in Fire Magic
  5264 | D:10     | Noticed a hill giant
  5268 | D:10     | Killed a hill giant
  5474 | D:11     | Noticed Grum
  5476 | D:11     | Reached XP level 11. HP: 55/55 MP: 26/26
  5478 | D:11     | Killed Grum
  5478 | D:11     | Reached skill level 1 in Fighting
  5569 | D:11     | Noticed a hill giant
  5575 | D:11     | Killed a hill giant
  5846 | D:9      | Found a staircase to the Orcish Mines.
  5851 | Orc:1    | Entered Level 1 of the Orcish Mines
  5855 | Orc:1    | Noticed an orc sorcerer
  5863 | Orc:1    | Noticed a sun demon
  5864 | Orc:1    | Killed an orc sorcerer
  5949 | Orc:2    | Entered Level 2 of the Orcish Mines
  5949 | Orc:2    | Found a staircase to the Elven Halls.
  5949 | Orc:2    | Found Bot Omnu's Antique Weapon Emporium.
  5949 | Orc:2    | Noticed an orc knight
  5949 | Orc:2    | Noticed an orc sorcerer
  5952 | Orc:2    | Noticed a soul eater
  5952 | Orc:2    | Killed an orc sorcerer
  5952 | Orc:2    | Reached ****** piety under Sif Muna
  5952 | Orc:2    | Received a gift from Sif Muna
  5952 | Orc:2    | Reached skill level 10 in Spellcasting
  5958 | Orc:2    | Killed an orc knight
  5958 | Orc:2    | Reached skill level 11 in Conjurations
  5961 | Orc:2    | Noticed an orc high priest
  5964 | Orc:2    | Noticed an orc knight
  5965 | Orc:2    | Noticed an orc high priest
  6090 | Lair:1   | Entered Level 1 of the Lair of Beasts
  6455 | Lair:3   | Found a dark tunnel.
  6462 | Volcano  | Entered a volcano
  6529 | Volcano  | Slain by a fire elemental

Dungeon Overview and Level Annotations

Branches:
Dungeon (11/15)            Temple (0/1) D:7            Lair (3/8) D:9
    Orc (2/2) D:9             Elf (0/3) Orc:2
  Swamp: Lair:3-6    Shoals: Lair:3-6     Snake: Lair:3-6    Spider: Lair:3-6

Altars:
Ashenzari
Cheibriados
Dithmenos
Kikubaaqudgha
Makhleb
Okawaru
Pakellas
Sif Muna
Trog
Vehumet

Shops:
Orc:2 (

Portals:
Trove: D:10 (show abyssal rune of Zot)

Annotations:
D:7 exclusion: oklob sapling
D:11 George's ghost, journeyman MiFi


Message History

A fire elemental comes into view.
Found a halberd, a brown potion and a scale mail of fire resistance.
k - a twisted garnet amulet Drink which item? (? for menu, Esc to quit)
It was a potion of berserk rage.
You're too hungry to go berserk.
The fire elemental closely misses you. The fire elemental misses you.
You see here a halberd.
The fire elemental hits you.
Your amulet of dismissal vibrates suddenly!
The fire elemental burns you!
The fire elemental disappears!
You see here a brown potion.
l - a brown potion A fire elemental comes into view.
Your extra speed is starting to run out.
Found a leather armour of fire resistance.
Found a lajatang of flaming.
Found a chain mail of fire resistance.
You feel yourself slow down.
Found a bubbling blue potion.
You see here a leather armour of fire resistance.
The ground shudders ominously.
You see here a lajatang of flaming.
Found a chain mail of fire resistance.
The fire elemental misses you.
Found a greatsling of flaming.
The fire elemental hits you. The fire elemental burns you!
The fire elemental barely misses you. The fire elemental hits you.
The fire elemental burns you!
You see here a bubbling blue potion.
The fire elemental hits you. The fire elemental burns you!
Read which item? (? for menu, Esc to quit)
Okay, then.
Drink which item? (? for menu, Esc to quit)
You feel better. The fire elemental hits you.
Your amulet of dismissal vibrates suddenly!
The fire elemental burns you!
The fire elemental disappears!
The fire elemental completely misses you.
The fire elemental hits you. The fire elemental burns you!
You die...

You could see a fire elemental.

Vanquished Creatures
  Sonja (D:10)
  An unseen horror (D:11)
  An orc knight (Orc:2)
  3 hill giants
  2 orc sorcerers
  An elephant (Lair:3)
  A gargoyle (D:10)
  A komodo dragon (Lair:3)
  4 trolls
  A two-headed ogre (D:9)
  2 wyverns
  4 yaks (Lair:1)
  3 hippogriffs
  Grum (D:11)
  3 wolves
  Menkaure (D:4)
  Edmund (D:4)
  A warg (Orc:2)
  3 water moccasins
  An eye of draining (D:11)
  3 orc warriors
  A phantom (D:5)
  8 ogres
  4 crocodiles (Lair:3)
  3 centaurs
  2 big kobolds
  A gnoll sergeant (D:10)
  5 giant frogs
  6 scorpions
  A water moccasin skeleton (D:8)
  13 wights
  3 killer bees (D:9)
  2 electric eels (Lair:2)
  The ghost of Uberwunderbarhen the Insei, a weakling OpTm (D:3)
  9 crimson imps
  A giant frog zombie (D:9)
  A jelly (D:5)
  A centaur zombie (D:9)
  Crazy Yiuf (D:6)
  8 hounds
  An orc priest (D:10)
  2 gnoll shamans
  3 orc wizards
  2 giant frog skeletons
  4 iguanas
  8 worker ants
  A killer bee zombie (D:5)
  11 adders
  14 gnolls
  6 river rats (Lair:1)
  6 shadow imps
  An ooze (D:3)
  5 worms
  4 giant geckos
  25 orcs
  3 bats
  2 giant cockroaches
  4 goblins
  7 hobgoblins
  7 jackals
  2 quokkas
  2 ball pythons (D:4)
  5 giant newts
  12 kobolds
  A quokka skeleton (D:5)
  A quokka zombie (D:6)
  10 rats
  2 fungi
261 creatures vanquished.

Action                   |  1- 3 |  4- 6 |  7- 9 | 10-12 || total
-------------------------+-------+-------+-------+-------++-------
Melee: Spear             |     9 |       |       |       ||     9
       Whip              |       |    19 |       |       ||    19
       Flail             |       |    14 |     5 |       ||    19
       Staff             |       |       |       |     4 ||     4
 Cast: Flame Tongue      |    51 |    94 |    97 |    27 ||   269
       Conjure Flame     |     1 |     7 |    13 |    11 ||    32
       Inner Flame       |       |     6 |     7 |     8 ||    21
       Sticky Flame      |       |     4 |    15 |    17 ||    36
       Fireball          |       |       |    31 |    86 ||   117
Invok: Channel Energy    |       |    30 |   118 |   155 ||   303
Evoke: Wand              |       |       |     2 |     2 ||     4
       Rod               |       |       |     5 |    12 ||    17
  Use: Scroll            |     8 |       |     2 |     8 ||    18
       Potion            |     1 |     2 |       |     8 ||    11
  Eat: Chunk             |       |     8 |    29 |    42 ||    79
       Royal jelly       |       |     1 |       |       ||     1
       Meat ration       |       |       |     1 |     2 ||     3

Vault maps used:
D:1:      dpeg_arrival_shrine, due_unseen_surprise
D:2:      nicolae_overflow_crystal_walls, gammafunk_temple_overflow_claw,
          first_bread, uniq_sigmund
D:3:      vehumet_altar_wand_db, kennysheep_okawaru_gauntlet
D:4:      makhleb_heckhound_becter, uniq_edmund, uniq_menkaure
D:5:      grunt_temple_overflow_opulence, basic_altar
D:6:      overflow_temple_1_default, nrook_pool_corridor,
          uniq_crazy_yiuf_cottage
D:7:      kiku_gazebo_garden_becter, minmay_temple_entry_oklob, basic_altar,
          serial_shops, nicolae_shop_trees
D:8:      kennysheep_mini_moat
D:9:      cheibrodos_ashenzari_chains, lair_0_dummy, orc_0_dummy,
          hangedman_fish_farm
D:10:     enter_trove_0, uniq_sonja
D:11:     uniq_grum
Lair:1:   lemuel_fruit_fields, grunt_megastairs_3, uniq_gastronok
Lair:2:   serial_bayou_lake_a, infiniplex_staircase_pool
Lair:3:   mu_elephants_graveyard, nicolae_volcano_entry_s_turn,
          beast_lair_carwin_1
Orc:1:    uniq_snorg
Orc:2:    grunt_orc_gardens, grunt_orc_garden, grunt_orc_garden,
          grunt_orc_garden, grunt_orc_garden, lab_entry_generic, uniq_josephine
Volcano:  volcano_overflow
